 Dungeon Crawl Stone Soup version 0.28-a0-206-gc2c9e32840 (webtiles) character file.

Game seed: 5296883151563206326

2 freelancePsychic the Sneak (level 1, -1/9 HPs)
             Began as a Spriggan Enchanter on Aug 20, 2021.
             Slain by an adder (3 damage)
             ... on level 1 of the Dungeon.
             The game lasted 00:00:56 (172 turns).

freelancePsychic the Sneak (Spriggan Enchanter)      Turns: 172, Time: 00:00:57

Health: -1/9       AC:  2    Str:  4    XL:     1   Next: 25%
Magic:  5/5        EV: 17    Int: 16    God:
Gold:   0          SH:  0    Dex: 15    Spells: 5/5 levels left

rFire   . . .      SeeInvis +   a - +1 dagger
rCold   . . .      Faith    .   (shield restricted)
rNeg    . . .      Spirit   .   b - +0 robe
rPois   .          Reflect  .   (helmet restricted)
rElec   .          Harm     .   (no cloak)
rCorr   .          Rampage  .   (gloves unavailable)
Will    .....                   (boots unavailable)
Stlth   +++.......              (no amulet)
HPRegen 0.03/turn               (no ring)
MPRegen 0.09/turn               (no ring)

@: lethally poisoned (-1 -> -2), very quick
A: very small, no large weapons, unfitting armour, see invisible, speed 3
a: no special abilities


You were on level 1 of the Dungeon.
You visited 1 branch of the dungeon, and saw 2 of its levels.

Inventory:

Hand Weapons
 a - a +1 dagger (weapon)
Armour
 b - a +0 robe (worn)
Scrolls
 d - a scroll of teleportation {unknown}
Potions
 c - a potion of invisibility


   Skills:
 + Level 1.2 Short Blades
 - Level 2.6 Dodging
 + Level 4.5 Stealth
 - Level 2.6 Spellcasting
 + Level 3.6 Hexes


You had 5 spell levels left.
You didn't know any spells.
Your spell library contained the following spells:

 Spells                   Type           Power      Damage    Failure   Level
 Confusing Touch          Hex            13%        N/A       13%         3
 Tukima's Dance           Hex            13%        N/A       13%         3
 Ensorcelled Hibernation  Hex/Ice        16%        N/A       14%         2
 Dazzling Flash           Conj/Hex       16%        N/A       26%         3


Dungeon Overview and Level Annotations

Branches:
Dungeon (2/15)

Altars:


Innate Abilities, Weirdness & Mutations

You are very small and have problems with some larger weapons.
You are too small for most types of armour.
You have supernaturally acute eyesight. (SInv)
You cover ground extremely quickly. (Speed+++)


Message History

You are too injured to fight recklessly!
You are too injured to fight recklessly!
Things that are here:
a +0 short sword; 5 stones; a kobold corpse
There is an open door here.
You open the door. You open the door.
There is an open door here.
Things that are here:
a +0 short sword; 5 stones; a kobold corpse You see here a scroll labelled HEECRU IFITEU.
d - a scroll labelled HEECRU IFITEU The endoplasm jiggles.
An endoplasm comes into view.
There is a stone staircase leading down here.
You climb downwards.
There is a stone staircase leading up here.
You start resting.
A kobold comes into view.
It is wielding a +0 whip and quivering poisoned darts.
Found a stone staircase leading up.
An adder and a hobgoblin come into view.
The adder hisses angrily.
Found a stone staircase leading up.
The adder barely misses you.
There is a stone staircase leading up here.
The adder bites you.
You are poisoned.
The adder poisons you!
You climb upwards. 2 jackals come into view.
You feel sick.
There is a stone staircase leading down here.
The helpless jackal fails to defend itself.
You puncture the jackal!
You kill the jackal!
* * * LOW HITPOINT WARNING * * *
You feel sick. The adder closely misses you.
The jackal barks!
The adder bites you.
You die...

#.#######
......S>#
#.#####@#
#.....h.#
#########


You could see an adder and a jackal.

Vanquished Creatures
  A jackal (D:1)
  A kobold (D:1)
2 creatures vanquished.

Notes
Turn   | Place    | Note
-------+----------+-------------------------------------------
     0 | D:1      | freelancePsychic the Spriggan Enchanter began the quest for
                  | the Orb.
     0 | D:1      | Reached XP level 1. HP: 9/9 MP: 5/5
   172 | D:1      | Slain by an adder

Illustrated notes

Levels and vault maps discovered:
D:1:      ncdulo_smallfort, layout_basic, minmay_misc_feat_secret_circle,
          minmay_tetromino_o2
D:2:      layout_basic, minmay_misc_feat_cross, uniq_natasha

Action                   || total
-------------------------++-------
Melee: Dagger            ||     4
 Stab: Sleeping          ||     2
Dodge: Dodged            ||     3

Table legend: (Time is in decaauts)
 A = Elapsed time spent in this place.
 B = Non-inter-level travel time spent in this place.
 C = Inter-level travel time spent in this place.
 D = Time resting spent in this place.
 E = Time spent auto-exploring this place.
 F = Levels seen in this place.
 G = Mean time per level.
                   A        B        C        D        E       F      G
               +--------+--------+--------+--------+--------+-----+--------+
         Total |    134 |    134 |      0 |     64 |     15 |   2 |   67.0 |
       Dungeon |    134 |    134 |      0 |     64 |     15 |   2 |   67.0 |
               +--------+--------+--------+--------+--------+-----+--------+

Top non-repeatable levels by time:
     D:2: 72 daAuts
     D:1: 61 daAuts
